Map: Lost and Found LE

Players

WinterSC - Winner!

  • Race: Protoss Protoss
  • League: Master
  • Spawn Location: 7:00

AngelofDeath

  • Race: Terran Terran
  • League: Diamond
  • Spawn Location: 1:00

VOD

Have the link to the VOD?

Description

Time

  • Played on: Sept. 25, 2018, 12:14 a.m.
  • Length: 10:52
Show
View Real Time Build Order
Export as new Build Order

WinterSC Protoss - Winner!

Build Orders: 1 Gate Expand, Blink Stalkers 

Get SALT Encoding   

  12  0:06  Probe  
  13  0:16  Pylon  
  13  0:18  Probe  
  14  0:28  Probe  
  15  0:36  Probe  
  15  0:37  Gateway  
  16  0:44  Assimilator  
  16  0:49  Probe  
  17  1:01  Probe  
  18  1:13  Probe  
  20  1:25  Probe  
  20  1:31  Nexus  
  20  1:38  Cybernetics Core  
  20  1:41  Probe  
  21  1:52  Assimilator  
  21  1:54  Probe  
  22  1:57  Pylon  
  22  2:06  Probe  
  22  2:08  Stalker  
  23  2:18  Probe  
  26  2:30  Twilight Council, Probe  
  26  2:31  Warp Gate  
  26  2:34  Stalker  
  27  2:42  Probe  
  30  2:46  Probe  
  30  2:51  Blink  
  30  2:54  Probe  
  31  2:58  Probe  
  31  3:04  Stalker  
  34  3:06  Probe  
  34  3:12  Probe  
  36  3:18  Probe  
  37  3:24  Probe  
  38  3:30  Probe  
  39  3:36  Probe  
  39  3:39  Gateway  
  40  3:41  Gateway  
  40  3:42  Probe  
  40  3:44  Pylon  
  41  3:48  Probe  
  41  3:52  Robotics Facility  
  41  3:55  Probe  
  43  4:00  Probe  
  44  4:07  Probe  
  45  4:10  Pylon  
  45  4:12  Assimilator x2  
  45  4:13  Probe  
  46  4:19  Probe  
  47  4:26  Probe  
  48  4:32  Pylon  
  48  4:36  Stalker x3  
  54  4:40  Probe  
  54  4:41  Observer  
  54  4:43  Probe  
  57  4:51  Forge  
  57  4:52  Probe  
  58  4:55  Probe  
  59  5:01  Stalker, Sentry x2, Pylon  
  59  5:03  Protoss Ground Armor Level 1  
  59  5:04  Probe  
  66  5:09  Observer  
  67  5:15  Probe  
  67  5:17  Charge  
  68  5:21  Probe  
  69  5:30  Nexus  
  69  5:31  Sentry  
  69  5:33  Pylon  
  71  5:36  Pylon  
  71  5:50  Stalker x2  
  75  6:00  Probe  
  75  6:01  Immortal  
  75  6:03  Stalker  
  82  6:12  Probe  
  82  6:14  Stalker x2  
  82  6:17  Pylon  
  87  6:19  Gateway  
  87  6:21  Gateway  
  87  6:23  Gateway  
  87  6:26  Gateway  
  87  6:29  Observer  
  87  6:30  Gateway  
  87  6:31  Probe  
  87  6:32  Probe  
  89  6:37  Protoss Ground Weapons Level 1  
  89  6:41  Sentry  
  89  6:42  Sentry x2  
  89  6:43  Probe  
  89  6:44  Probe x2  
  89  6:45  Observer  
  99  6:55  Shield Battery  
  99  6:56  Probe x3  
  99  6:58  Protoss Ground Armor Level 2, Forge  
  102  7:02  Pylon  
  102  7:06  Pylon  
  102  7:07  Observer  
  102  7:08  Probe x2  
  105  7:10  Probe  
  105  7:13  Observer  
  106  7:21  Zealot x4  
  106  7:22  Zealot  
  116  7:29  Probe  
  117  7:37  Pylon  
  117  7:40  Probe  
  117  7:42  Assimilator  
  118  7:45  Pylon  
  118  7:46  Assimilator  
  118  7:50  Pylon  
  118  8:00  Nexus  
  118  8:01  Stalker x4  
  126  8:05  Stalker  
  128  8:14  Gateway  
  128  8:17  Warp Prism  
  128  8:18  Warp Prism  
  130  8:20  Gateway  
  130  8:32  Zealot x2  
  130  8:33  Zealot  
  136  8:38  Sentry x3  
  136  8:41  Templar Archives, Probe  
  143  8:43  Pylon  
  143  8:45  Zealot  
  143  8:46  Zealot  
  143  8:47  Pylon  
  147  8:48  Pylon  
  147  8:50  Pylon  
  147  8:58  Zealot x2  
  151  9:07  Zealot x3  
  151  9:08  Zealot  
  159  9:22  Zealot x2  
  159  9:23  Zealot x2  
  167  9:38  High Templar x2  
  167  9:39  High Templar x3  
  175  9:50  Archon x3  
  175  9:51  Zealot x4  
  175  9:52  Gateway, Zealot  
  185  9:53  Archon x2  
  161  10:22  Probe  
  161  10:26  Stalker x5  
  161  10:27  Stalker x5  
Show
View Real Time Build Order
Export as new Build Order

AngelofDeath Terran 

Build Orders: Gas First Reaper Expand 

Get SALT Encoding   

  12  0:00  SCV  
  13  0:13  SCV  
  14  0:17  Supply Depot  
  14  0:25  SCV  
  14  0:28  Refinery  
  15  0:38  SCV  
  16  0:45  Barracks  
  16  0:50  SCV  
  17  1:12  SCV, Barracks  
  18  1:24  SCV  
  19  1:36  Reaper  
  19  1:38  Orbital Command  
  20  1:59  Command Center  
  20  2:09  Barracks Tech Lab  
  20  2:11  SCV  
  21  2:19  Barracks Reactor, Supply Depot  
  21  2:25  SCV  
  22  2:31  Marine  
  22  2:34  Factory  
  23  2:48  SCV  
  24  2:51  Marine  
  24  2:52  Refinery  
  25  3:00  Marine x2  
  25  3:04  SCV  
  28  3:10  Stimpack  
  28  3:11  Supply Depot  
  29  3:13  Marauder  
  29  3:32  Marine x2  
  32  3:42  Factory, Marauder  
  32  3:44  Orbital Command  
  33  3:52  SCV  
  34  3:55  Factory Reactor  
  34  4:00  Marine  
  34  4:01  Marine  
  36  4:06  Marauder  
  36  4:08  SCV  
  39  4:11  SCV  
  38  4:25  Marine  
  38  4:26  Marine  
  38  4:28  Marauder  
  42  4:32  Starport  
  42  4:40  SCV x2  
  42  4:43  Marine  
  45  4:50  Factory Tech Lab  
  45  4:51  Supply Depot  
  45  4:55  SCV x2  
  45  4:59  Engineering Bay  
  47  5:07  SCV x2  
  47  5:12  Marauder  
  50  5:19  Bunker  
  48  5:22  Medivac x2  
  48  5:25  Marine  
  48  5:26  Marine  
  54  5:31  Terran Infantry Weapons Level 1  
  54  5:33  Armory  
  54  5:36  SCV  
  54  5:38  SCV  
  53  5:58  Marine, Siege Tank  
  53  5:59  Marine x2  
  57  6:04  SCV x2  
  57  6:07  Supply Depot  
  59  6:13  Engineering Bay  
  59  6:22  Command Center  
  59  6:23  Barracks  
  59  6:31  Supply Depot  
  59  6:32  Terran Vehicle Weapons Level 1  
  59  6:34  SCV x2  
  59  6:38  Combat Shield  
  61  6:43  Refinery, Factory Tech Lab  
  61  6:46  SCV  
  62  6:51  SCV  
  62  6:54  Supply Depot  
  63  6:56  Terran Infantry Armor Level 1  
  63  6:58  SCV  
  63  7:00  Refinery, Marine x2  
  66  7:02  Liberator  
  66  7:03  SCV  
  66  7:05  Missile Turret  
  67  7:10  SCV  
  67  7:15  SCV  
  71  7:22  Marine x2  
  74  7:23  SCV  
  74  7:27  Barracks Reactor  
  74  7:28  SCV  
  76  7:34  Orbital Command  
  76  7:38  Missile Turret  
  76  7:40  Missile Turret  
  76  7:44  Terran Infantry Weapons Level 2  
  76  7:49  Missile Turret  
  76  7:50  Orbital Command  
  76  7:59  Marauder, Marine x2, Missile Turret  
  76  8:04  Marine x2  
  82  8:08  Siege Tank  
  82  8:12  Siege Tank  
  88  8:16  Marine  
  88  8:17  Marine  
  88  8:19  Barracks  
  90  8:21  Marauder  
  90  8:22  Marine x2  
  90  8:23  SCV  
  90  8:24  SCV  
  96  8:29  Terran Vehicle Weapons Level 2  
  96  8:31  SCV  
  97  8:34  Marine  
  97  8:36  SCV x2  
  97  8:40  Supply Depot  
  100  8:43  SCV  
  100  8:44  Supply Depot  
  100  8:47  Marine, Siege Tank  
  105  8:49  Marine x2  
  105  8:50  Refinery  
  105  8:53  Medivac  
  109  9:05  SCV x3  
  112  9:10  Liberator  
  112  9:17  SCV x2  
  112  9:19  Barracks Reactor  
  112  9:21  Barracks  
  114  9:26  SCV  
  114  9:29  SCV  
  119  9:31  Supply Depot  
  119  9:39  Supply Depot  
  119  9:40  SCV x2  
  119  9:41  SCV  
  119  9:45  Refinery  
  122  9:46  Siege Tank  
  125  9:52  Medivac  
  125  9:53  SCV x2  
  125  9:56  Supply Depot  
  129  10:03  Supply Depot  
  129  10:09  Supply Depot  
  120  10:19  Marine x6, Marauder  
  120  10:20  Marine  
Tags
 
Add a new tag
Caveats
  • Supply blocks, unpowered buildings, or Contaminate may cause inaccurate times.
  • Supply counts are checked every 10 seconds.